 Dungeon Crawl Stone Soup version 0.20-a0-449-g96be121 (webtiles) character file.

32 Amnesiac the Sneak (level 3, -1/19 HPs)
             Began as a Deep Elf Enchanter on Jan 8, 2017.
             Killed from afar by a dart slug (2 damage)
             ... with a slug dart
             ... on level 3 of the Dungeon.
             The game lasted 00:01:59 (869 turns).

Amnesiac the Sneak (Deep Elf Enchanter)              Turns: 869, Time: 00:02:00

Health: -1/19      AC:  3    Str:  5    XL:     3   Next: 10%
Magic:  1/10       EV: 13    Int: 19    God:
Gold:   89         SH:  0    Dex: 16    Spells: 0/9 levels left

rFire  . . .     SeeInvis .     a - +1 dagger
rCold  . . .     Gourm    .     b - +0 robe
rNeg   . . .     Faith    .     (no shield)
rPois  .         Spirit   .     (no helmet)
rElec  .         Reflect  .     f - +0 cloak
rCorr  .         Harm     .     (no gloves)
MR     .....                    (no boots)
Stlth  +++.......               (no amulet)
                                (no ring)
                                (no ring)

@: very slightly contaminated
A: no striking features
a: no special abilities


You were on level 3 of the Dungeon.
You were not hungry.

You visited 1 branch of the dungeon, and saw 3 of its levels.

You collected 89 gold pieces.

Inventory:

Hand Weapons
 a - a +1 dagger (weapon)
 j - a cursed +0 dire flail
Armour
 b - a +0 robe (worn)
 f - a +0 cloak (worn)
Scrolls
 e - 3 scrolls of identify {unknown}
 g - 2 scrolls of recharging {unknown}
 h - a scroll of enchant weapon {unknown}
Potions
 i - a potion of berserk rage {unknown}
Books
 c - a book of Maledictions

   Spells                             Type                      Level
   a - Corona                         Hexes                        1
   b - Ensorcelled Hibernation        Hexes/Ice                    2
   c - Confuse                        Hexes                        3
   d - Tukima's Dance                 Hexes                        3
   e - Dazzling Spray                 Conjuration/Hexes            3
Comestibles
 d - a bread ration


   Skills:
 + Level 1.4 Short Blades
 + Level 2.8 Dodging
 * Level 4.2 Stealth
 * Level 3.5 Spellcasting
 * Level 4.2 Hexes


You couldn't memorise any spells.
You knew the following spells:

 Your Spells              Type           Power        Failure   Level  Hunger
a - Corona                Hex            ###....      2%          1    None
e - Confuse               Hex            ###.....     10%         3    ###....
w - Tukima's Dance        Hex            ###.....     10%         3    ###....
z - Ensorcelled Hibernat  Hex/Ice        ##....       10%         2    ##.....


Dungeon Overview and Level Annotations

Branches:
Dungeon (3/15)

Altars:


Message History

The dart slug struggles to resist.
The dart slug launches a dart at you. The slug dart hits you!
Casting: Confuse
Confirm with . or Enter, or press ? or * to list all spells.
Aiming: Confuse
Press: ? - help, Shift-Dir - straight line, f/p - dart slug
Aim: a dart slug (chance to defeat MR: 67%)
You miscast Confuse.
You are very lightly contaminated with residual magic.
The light around you dims momentarily. The dart slug launches a dart at you.
The slug dart hits you!
* * * LOW HITPOINT WARNING * * *
The dart slug launches a dart at you. The slug dart hits you!
* * * LOW HITPOINT WARNING * * *
The dart slug launches a dart at you. The slug dart hits you!
You die...

.##≈≈w≈≈##..#
##.≈≈≈≈≈≈#.....
##≈≈≈#≈≈≈≈≈≈≈..#
≈≈≈≈≈≈≈≈w≈≈≈≈..
#≈≈≈≈≈≈≈≈≈≈≈.# ≈
#≈≈≈≈≈≈≈≈≈≈≈#
≈≈≈#≈≈≈w≈≈≈.≈# #
≈≈♣$.≈...≈≈#.≈≈≈
≈≈....?@..w..≈≈w
≈≈≈?≈≈...≈≈..≈#≈
≈≈≈≈≈≈≈≈≈≈≈#≈≈≈≈
≈≈≈≈#≈≈≈≈≈≈≈≈≈≈.
.≈≈≈≈≈≈≈≈≈≈≈≈Sw.
##≈≈≈≈≈≈≈≈≈≈≈≈#
##w≈≈≈≈≈≈≈≈w##
#.≈≈≈≈#≈#.##


You could see an adder (sleeping) and 6 dart slugs.

Vanquished Creatures
  2 adders (D:2)
  A dart slug (D:2)
  A hobgoblin (D:1)
  4 jackals (D:2)
  A ball python (D:2)
  2 bats (D:2)
  A frilled lizard (D:1)
  A goblin (D:2)
  A rat (D:1)
14 creatures vanquished.

Notes
Turn   | Place    | Note
-------+----------+-------------------------------------------
     0 | D:1      | Amnesiac the Deep Elf Enchanter began the quest for the Orb.
     0 | D:1      | Reached XP level 1. HP: 10/10 MP: 6/6
   198 | D:2      | Reached XP level 2. HP: 15/15 MP: 8/8
   236 | D:2      | Learned a level 2 spell: Ensorcelled Hibernation
   742 | D:2      | Reached XP level 3. HP: 19/19 MP: 5/10
   747 | D:2      | Learned a level 3 spell: Confuse
   751 | D:2      | Learned a level 3 spell: Tukima's Dance
   869 | D:3      | Killed from afar by a dart slug

Vault maps used:
D:1:      dpeg_arrival_houses_and_road, nrook_mini_vaults, columned_hall_lemuel
D:3:      kennysheep_slugbush, first_bread, uniq_natasha, uniq_robin,
          uniq_jessica, uniq_purgy, uniq_terence

Skill      XL: |  1 |
---------------+----+-----
Stealth        | 4 |  4.2
Short Blades   | |  1.4
Dodging        | |  2.8
Spellcasting   | |  3.5
Hexes          | |  4.2

Action                   || total
-------------------------++-------
Melee: Dagger            ||    28
 Cast: Ensorcelled Hiber ||    12
       Confuse           ||     2
 Stab: Sleeping          ||    12
Armor: Robe              ||     5
Dodge: Dodged            ||    24
